 Dungeon Crawl Stone Soup version 0.28-a0-475-g7dc2aef8ca (webtiles) character file.

Game seed: 4519913700149518817

40633 Singularity42 the Thaumaturge (level 14, -3/110 HPs)
             Began as a Gnoll Warper on Sept 16, 2021.
             Was the Champion of Okawaru.
             Slain by a wolf (4 damage)
             ... while petrified by a catoblepas
             ... on level 5 of the Lair of Beasts.
             The game lasted 01:39:32 (25576 turns).

Singularity42 the Thaumaturge (Gnoll Warper)       Turns: 25576, Time: 01:39:33

Health: -3/110     AC: 27    Str: 12    XL:     14   Next: 11%
Magic:  37/37      EV:  2    Int: 15    God:    Okawaru [******]
Gold:   474        SH:  0    Dex: 11    Spells: 20/33 levels left

rFire   . . .      SeeInvis +   q - +6 quarterstaff (spect)
rCold   x . .      Faith    .   (shield currently unavailable)
rNeg    + + +      Spirit   .   p - +6 scale mail of Paranoia {Rampage rC- rCorr Dex-2}
rPois   ∞          Reflect  .   g - +1 helmet
rElec   .          Harm     .   u - +2 cloak {Stlth+}
rCorr   +          Rampage  +   e - +0 pair of gloves of Unambiguity {MP+9}
Will    +....                   I - +2 pair of boots
Stlth   +++++.....              (no amulet)
HPRegen 0.28/turn               i - ring of see invisible
MPRegen 0.25/turn               j - ring of poison resistance

@: petrified, heroic, slowed
A: fangs 1, strong nose, distributed training
a: Renounce Religion, Heroism, Finesse, Duel


You were on level 5 of the Lair of Beasts.
You worshipped Okawaru.
Okawaru was exalted by your worship.
You visited 3 branches of the dungeon, and saw 18 of its levels.

You collected 851 gold pieces.
You spent 377 gold pieces at shops.

Inventory:

Hand Weapons
 q - a +6 spectral quarterstaff (weapon)
 H - a +3 battleaxe of freezing
Missiles
 b - 9 silver javelins
 d - 5 boomerangs of dispersal
 h - 11 boomerangs
 y - 7 silver boomerangs (quivered)
 J - 11 javelins
Armour
 e - the +0 pair of gloves of Unambiguity (worn) {MP+9}
   (Okawaru gifted it to you on level 1 of the Lair of Beasts)

   MP:        It affects your magic capacity (+9).
 g - a +1 helmet (worn)
 p - the +6 scale mail of Paranoia (worn) {Rampage rC- rCorr Dex-2}
   (You found it on level 10 of the Dungeon)

   Dex:       It affects your dexterity (-2).
   rC:        It makes you vulnerable to cold.
   rCorr:     It protects you from acid and corrosion.
   Rampage:   It bestows one free step when moving towards enemies.
 u - a +2 cloak of stealth (worn)
 I - a +2 pair of boots (worn)
Jewellery
 a - a ring of positive energy
 i - a ring of see invisible (left hand)
 j - a ring of poison resistance (right hand)
 n - a ring of ice
Wands
 m - a wand of flame (26)
 t - a wand of iceblast (14)
 x - a wand of acid (6)
Scrolls
 c - 2 scrolls of blinking
 k - 3 scrolls of teleportation
 s - 2 scrolls of amnesia
 v - 2 scrolls of immolation {unknown}
 z - 2 scrolls of holy word {unknown}
 F - 2 scrolls of magic mapping {unknown}
 Q - a scroll of enchant armour
 R - a scroll of brand weapon {unknown}
Potions
 f - 2 potions of heal wounds
 l - 4 potions of flight
 o - 11 potions of curing
 A - 5 potions of lignification
 B - 2 potions of invisibility
 E - 2 potions of might
 G - a potion of resistance
 K - a potion of ambrosia
 L - 3 potions of cancellation
 M - a potion of brilliance
 S - a potion of magic
 T - 2 potions of mutation
Miscellaneous
 N - a tin of tremorstones (2/2)


   Skills:
 + Level 10.0(15.0) Fighting
 + Level 8.9(13.9) Short Blades
 + Level 8.9(13.9) Long Blades
 + Level 10.0(15.0) Axes
 + Level 8.9(13.9) Maces & Flails
 + Level 8.9(13.9) Polearms
 + Level 8.9(13.9) Staves
 + Level 8.9(13.9) Slings
 + Level 8.9(13.9) Bows
 + Level 8.9(13.9) Crossbows
 + Level 9.3(14.3) Throwing
 + Level 9.3(14.3) Armour
 + Level 10.0(15.0) Dodging
 + Level 8.9(13.9) Stealth
 + Level 8.9(13.9) Shields
 + Level 8.9(13.9) Unarmed Combat
 + Level 10.2 Spellcasting
 + Level 7.4 Conjurations
 + Level 7.4 Hexes
 + Level 7.4 Summonings
 + Level 7.4 Necromancy
 + Level 9.3 Translocations
 + Level 7.4 Transmutations
 + Level 7.4 Fire Magic
 + Level 7.4 Ice Magic
 + Level 7.4 Air Magic
 + Level 7.4 Earth Magic
 + Level 7.4 Poison Magic
 + Level 9.7 Invocations
 + Level 8.9 Evocations


You had 20 spell levels left.
You knew the following spells:

 Your Spells              Type           Power      Damage    Failure   Level
a - Blink                 Tloc           N/A        N/A       1%          2
b - Apportation           Tloc           70%        N/A       1%          1
c - Gell's Gravitas       Tloc           17%        N/A       1%          3
d - Teleport Other        Tloc           35%        N/A       1%          3
e - Vampiric Draining     Necr           15%        2d8       4%          3
z - Magic Dart            Conj           100%       1d8       1%          1

Your spell library contained the following spells:

 Spells                   Type           Power      Damage    Failure   Level
 Shock                    Conj/Air       100%       1d9       1%          1
 Lesser Beckoning         Tloc           35%        N/A       1%          3
 Searing Ray              Conj           60%        2d6       2%          2
 Slow                     Hex            30%        N/A       2%          2
 Confusing Touch          Hex            30%        N/A       4%          3
 Conjure Flame            Conj/Fire      30%        6-21      4%          3
 Ignite Poison            Fire/Tmut/Pois 30%        N/A       4%          3
 Mephitic Cloud           Conj/Pois/Air  30%        N/A       4%          3
 Ozocubu's Armour         Ice            30%        N/A       4%          3
 Swiftness                Air            30%        N/A       4%          3
 Airstrike                Air            15%        N/A       14%         4
 Fulminant Prism          Conj/Hex       15%        3d11      14%         4
 Hailstorm                Conj/Ice       30%        3d8       14%         4
 Ice Form                 Ice/Tmut       30%        N/A       14%         4
 Sticky Flame             Conj/Fire      30%        2d5       14%         4
 Manifold Assault         Tloc           35%        N/A       19%         5
 Metabolic Englaciation   Hex/Ice        15%        N/A       36%         5
 Animate Skeleton         Necr           Unusable   N/A       N/A         1
 Summon Small Mammal      Summ           Unusable   N/A       N/A         1
 Call Imp                 Summ           Unusable   N/A       N/A         2
 Call Canine Familiar     Summ           Unusable   N/A       N/A         3
 Summon Guardian Golem    Hex/Summ       Unusable   N/A       N/A         3
 Simulacrum               Ice/Necr       Unusable   N/A       N/A         6

Dungeon Overview and Level Annotations

Branches:
Dungeon (12/15)            Temple (1/1) D:6            Lair (5/6) D:9
  Swamp (0/4) Lair:4        Snake (0/4) Lair:4          Orc (0/2) D:11
  Slime: Lair:5-6

Altars:
Ashenzari
Cheibriados
Dithmenos
Elyvilon
Fedhas
Gozag
Hepliaklqana
Kikubaaqudgha
Makhleb
Nemelex Xobeh
Okawaru
Qazlal
Ru
Sif Muna
Trog
Uskayaw
Vehumet
Wu Jian
Xom
Yredelemnul
Zin
The Shining One

Shops:
D:2 [   D:8 *   D:11 !   D:12 (

Annotations:
D:12 3 runed translucent doors, Nessos; TZer0's ghost, journeyman VSBe


Innate Abilities, Weirdness & Mutations

You have very sharp teeth.
Your uncanny sense of smell can sniff out nearby items.
Your experience applies equally to all skills.


Message History

The wolf bites you but does no damage.
A yak comes into view.
The wolf bites you but does no damage.
Being near the torpor snail leaves you feeling lethargic.
A rime drake comes into view.
The wolf bites you but does no damage. x2
The wolf bites you but does no damage. x2
The death yak gores you but does no damage.
The wolf bites you but does no damage.
The wolf bites you but does no damage. x2
The rime drake breathes ice at you. The flash freeze hits you!
You feel a painful chill!
* * * LOW HITPOINT WARNING * * *
You are encased in ice.
The wolf bites you but does no damage. x3
The death yak gores you but does no damage.
The wolf bites you but does no damage. The wolf barely misses you.
The wolf bites you but does no damage. The wolf completely misses you.
The wolf bites you.
* * * LOW HITPOINT WARNING * * *
The wolf bites you.
* * * LOW HITPOINT WARNING * * *
The death yak gores you.
* * * LOW HITPOINT WARNING * * *
The wolf bites you but does no damage. x2
The ice encasing you melts away.
The wolf bites you but does no damage. x4
The yak gores you but does no damage.
The wolf bites you but does no damage. x2
The death yak gores you!
* * * LOW HITPOINT WARNING * * *
The wolf bites you but does no damage. The wolf bites you!
* * * LOW HITPOINT WARNING * * *
The wolf bites you but does no damage. x4
The yak gores you but does no damage. The wolf bites you but does no damage.
The wolf bites you. The wolf bites you but does no damage. The wolf bites you!
* * * LOW HITPOINT WARNING * * *
The wolf bites you but does no damage. The wolf bites you!
You die...

...........P...
...........P...
...............
...............
. .......$.....
... ...lYY.....
..!..#YhhYw....
.....k.@YYY....
.....#hhhY..#..
.P. ...YY......
. .............
............#..
.....#...#....#
#.............#
.#....P...#...#


You could see 2 death yaks, a torpor snail, 8 yaks, a rime drake, a wyvern and 5
wolves.

Vanquished Creatures
  Fannar (Lair:2)
  A boulder beetle (D:12)
  5 hydras
  A catoblepas (Lair:5)
  5 two-headed ogres
  5 death yaks
  Nergalle (Lair:1)
  A necromancer (Lair:4)
  A cyclops (D:12)
  5 elephants (Lair:5)
  Joseph (D:9)
  3 black mambas
  3 cane toads
  A kobold demonologist (D:10)
  8 komodo dragons
  4 rime drakes
  5 polar bears (Lair:1)
  2 trolls
  5 blink frogs (Lair:1)
  Prince Ribbit (D:5)
  4 wraiths
  56 yaks
  A vampire (D:12)
  5 wyverns
  2 shadows
  A basilisk (Lair:2)
  2 vampire mosquitoes (D:11)
  Menkaure (D:6)
  3 wargs (D:10)
  A naga (Lair:4)
  An acid dragon (D:9)
  12 water moccasins
  3 orc warriors
  3 black bears
  3 ice beasts
  An ogre (D:4)
  A sky beast (D:4)
  An elephant zombie (Lair:4)
  4 centaurs
  3 wolves (Lair:5)
  13 bullfrogs
  A komodo dragon zombie (Lair:4)
  3 kobold brigands
  2 gnoll sergeants
  A wyvern zombie (D:7)
  A scorpion (D:4)
  15 wights
  7 howler monkeys
  4 electric eels (Lair:4)
  3 centaur zombies
  A bullfrog zombie (D:6)
  A centaur skeleton (D:7)
  3 hounds
  Crazy Yiuf (D:5)
  A basilisk zombie (Lair:4)
  6 orc priests
  A bullfrog skeleton (D:4)
  5 iguanas
  10 orc wizards
  Terence (D:2)
  2 killer bee zombies
  A howler monkey zombie (D:10)
  15 gnolls
  A howler monkey skeleton (D:5)
  8 adders
  A white imp (D:4)
  A worm (D:4)
  2 dart slugs
  21 orcs
  7 ball pythons
  4 endoplasms
  4 giant cockroaches
  9 goblins
  7 hobgoblins
  6 jackals (D:1)
  3 quokkas
  A bat (D:1)
  2 frilled lizards
  13 kobolds
  5 rats
360 creatures vanquished.

Vanquished Creatures (others)
  A bush (Lair:5)
  52 fungi
  59 plants
112 creatures vanquished.

Grand Total: 472 creatures vanquished

Notes
Turn   | Place    | Note
-------+----------+-------------------------------------------
     0 | D:1      | Singularity42 the Gnoll Warper began the quest for the Orb.
     0 | D:1      | Reached XP level 1. HP: 20/20 MP: 6/6
   205 | D:1      | Reached XP level 2. HP: 24/26 MP: 7/7
   982 | D:1      | Reached skill level 5 in Spellcasting
   982 | D:1      | Reached XP level 3. HP: 31/31 MP: 7/9
  1047 | D:1      | Learned a level 2 spell: Blink
  1049 | D:1      | Learned a level 1 spell: Apportation
  1053 | D:1      | Learned a level 3 spell: Gell's Gravitas
  1057 | D:1      | Learned a level 3 spell: Teleport Other
  1443 | D:1      | Reached skill level 1 in Invocations
  1644 | D:1      | Found a faded altar of an unknown god.
  1758 | D:2      | Noticed Terence
  1776 | D:2      | Killed Terence
  1777 | D:2      | Reached skill level 1 in Short Blades
  1777 | D:2      | Reached skill level 1 in Long Blades
  1777 | D:2      | Reached skill level 1 in Maces & Flails
  1777 | D:2      | Reached skill level 1 in Polearms
  1777 | D:2      | Reached skill level 1 in Staves
  1777 | D:2      | Reached skill level 1 in Slings
  1777 | D:2      | Reached skill level 1 in Bows
  1777 | D:2      | Reached skill level 1 in Crossbows
  1777 | D:2      | Reached skill level 1 in Stealth
  1777 | D:2      | Reached skill level 1 in Shields
  1777 | D:2      | Reached skill level 1 in Unarmed Combat
  1777 | D:2      | Reached skill level 1 in Evocations
  1777 | D:2      | Reached XP level 4. HP: 27/38 MP: 11/11
  2015 | D:2      | Found Dolliocw's Antique Armour Shop.
  2740 | D:3      | Reached skill level 1 in Conjurations
  2740 | D:3      | Reached skill level 1 in Hexes
  2740 | D:3      | Reached skill level 1 in Summonings
  2740 | D:3      | Reached skill level 1 in Necromancy
  2740 | D:3      | Reached skill level 1 in Transmutations
  2740 | D:3      | Reached skill level 1 in Fire Magic
  2740 | D:3      | Reached skill level 1 in Ice Magic
  2740 | D:3      | Reached skill level 1 in Air Magic
  2740 | D:3      | Reached skill level 1 in Earth Magic
  2740 | D:3      | Reached skill level 1 in Poison Magic
  3432 | D:3      | Reached XP level 5. HP: 43/43 MP: 12/12
  3781 | D:3      | Reached XP level 6. HP: 21/50 MP: 13/13
  4826 | D:4      | Reached skill level 5 in Fighting
  4826 | D:4      | Reached skill level 5 in Axes
  4826 | D:4      | Reached skill level 5 in Dodging
  5069 | D:4      | Noticed an ice beast
  5078 | D:4      | Killed an ice beast
  5521 | D:4      | Reached XP level 7. HP: 56/56 MP: 15/15
  5684 | D:5      | Entered Level 5 of the Dungeon
  8247 | D:5      | Noticed Prince Ribbit
  8502 | D:5      | Killed Prince Ribbit
  8503 | D:5      | Reached XP level 8. HP: 38/63 MP: 16/16
  8815 | D:5      | Found a runed translucent door.
  8816 | D:5      | Noticed Crazy Yiuf
  8831 | D:5      | Killed Crazy Yiuf
  9025 | D:6      | Found a staircase to the Ecumenical Temple.
  9048 | Temple   | Entered the Ecumenical Temple
  9053 | Temple   | Became a worshipper of Warmaster Okawaru
  9524 | D:6      | Noticed Menkaure
  9529 | D:6      | Killed Menkaure
 10132 | D:7      | Reached * piety under Okawaru
 10545 | D:7      | Reached XP level 9. HP: 69/69 MP: 18/18
 11533 | D:7      | Reached skill level 5 in Throwing
 11533 | D:7      | Reached skill level 5 in Armour
 12354 | D:8      | Learned a level 1 spell: Magic Dart
 12622 | D:8      | Found Rorog's Assorted Antiques.
 12625 | D:8      | Bought a scroll of identify for 52 gold pieces
 12823 | D:8      | Reached ** piety under Okawaru
 13262 | D:9      | Reached skill level 5 in Invocations
 13488 | D:9      | Noticed Joseph
 14140 | D:9      | Killed Joseph
 14140 | D:9      | Reached *** piety under Okawaru
 14141 | D:9      | Reached XP level 10. HP: 56/77 MP: 20/20
 14383 | D:9      | Noticed a two-headed ogre
 14397 | D:9      | Killed a two-headed ogre
 14398 | D:9      | Reached skill level 5 in Short Blades
 14398 | D:9      | Reached skill level 5 in Long Blades
 14398 | D:9      | Reached skill level 5 in Maces & Flails
 14398 | D:9      | Reached skill level 5 in Polearms
 14398 | D:9      | Reached skill level 5 in Staves
 14398 | D:9      | Reached skill level 5 in Slings
 14398 | D:9      | Reached skill level 5 in Bows
 14398 | D:9      | Reached skill level 5 in Crossbows
 14398 | D:9      | Reached skill level 5 in Stealth
 14398 | D:9      | Reached skill level 5 in Shields
 14398 | D:9      | Reached skill level 5 in Unarmed Combat
 14398 | D:9      | Reached skill level 5 in Evocations
 14475 | D:9      | Found a staircase to the Lair.
 14490 | D:9      | Reached **** piety under Okawaru
 14490 | D:9      | Received a gift from Okawaru
 14745 | D:9      | Found a glowing golden altar of the Shining One.
 15953 | D:10     | Entered Level 10 of the Dungeon
 15967 | D:10     | Identified the +6 scale mail of Paranoia {Rampage rC- rCorr
                  | Dex-2}
 16115 | D:10     | Noticed a two-headed ogre
 16153 | D:10     | Killed a two-headed ogre
 16153 | D:10     | Received a gift from Okawaru
 16153 | D:10     | Reached ***** piety under Okawaru
 16154 | D:10     | Reached XP level 11. HP: 44/84 MP: 22/22
 16335 | D:10     | Noticed a two-headed ogre
 16343 | D:10     | Killed a two-headed ogre
 16344 | D:10     | Reached skill level 5 in Conjurations
 16344 | D:10     | Reached skill level 5 in Hexes
 16344 | D:10     | Reached skill level 5 in Summonings
 16344 | D:10     | Reached skill level 5 in Necromancy
 16344 | D:10     | Reached skill level 5 in Transmutations
 16344 | D:10     | Reached skill level 5 in Fire Magic
 16344 | D:10     | Reached skill level 5 in Ice Magic
 16344 | D:10     | Reached skill level 5 in Air Magic
 16344 | D:10     | Reached skill level 5 in Earth Magic
 16344 | D:10     | Reached skill level 5 in Poison Magic
 16808 | D:11     | Found a staircase to the Orcish Mines.
 17242 | D:11     | Noticed a four-headed hydra
 17374 | D:10     | Killed a four-headed hydra
 17374 | D:10     | Received a gift from Okawaru
 17788 | D:10     | Received a gift from Okawaru
 18176 | D:11     | You fall into a shaft and drop 1 floor!
 18176 | D:12     | Found a gate leading to a gauntlet.
 18212 | D:12     | Noticed a cyclops
 18213 | D:12     | Noticed a two-headed ogre
 18221 | D:12     | Killed a two-headed ogre
 18221 | D:12     | Received a gift from Okawaru
 18222 | D:12     | Reached XP level 12. HP: 91/94 MP: 20/24
 18334 | D:12     | Noticed a boulder beetle
 18369 | D:12     | Killed a boulder beetle
 18455 | D:12     | Found a runed translucent gate.
 18456 | D:12     | Found a runed translucent gate.
 18456 | D:12     | Found a runed translucent gate.
 18456 | D:12     | Noticed a deep elf knight
 18456 | D:12     | Noticed a tengu warrior
 18457 | D:12     | Noticed a tengu warrior
 18457 | D:12     | Noticed a naga warrior
 18457 | D:12     | Noticed a merfolk impaler
 18457 | D:12     | Noticed TZer0's ghost (journeyman VSBe)
 18458 | D:12     | Noticed a centaur warrior
 18462 | D:12     | Identified the +3 broad axe of the Special Ears {spect,
                  | MP+9}
 18462 | D:12     | Noticed a tengu warrior
 18479 | D:12     | Noticed Nessos
 18688 | D:12     | Found Seehimogh's Antique Weapon Shop.
 18746 | D:12     | Noticed a centaur warrior
 18760 | D:12     | Noticed a death knight
 18782 | D:11     | Found Jenkekh's Distillery.
 19250 | D:11     | Noticed a two-headed ogre
 19262 | D:11     | Killed a two-headed ogre
 19273 | D:11     | Bought a potion of curing for 39 gold pieces
 19273 | D:11     | Bought a potion of curing for 39 gold pieces
 19273 | D:11     | Bought a potion of magic for 104 gold pieces
 19273 | D:11     | Bought a potion of curing for 39 gold pieces
 19273 | D:11     | Bought a potion of mutation for 104 gold pieces
 19629 | Lair:1   | Entered Level 1 of the Lair of Beasts
 19679 | Lair:1   | Received a gift from Okawaru
 20174 | Lair:1   | Identified the +0 pair of gloves of Unambiguity {MP+9}
                  | (Okawaru gifted it to you on level 1 of the Lair of Beasts)
 20174 | Lair:1   | Received a gift from Okawaru
 20185 | Lair:1   | Learned a level 3 spell: Vampiric Draining
 20230 | Lair:1   | Noticed Nergalle
 20244 | Lair:1   | Killed Nergalle
 21061 | Lair:2   | Noticed a six-headed hydra
 21074 | Lair:2   | Killed a six-headed hydra
 21249 | Lair:2   | Reached XP level 13. HP: 97/101 MP: 26/26
 21685 | Lair:2   | Noticed Fannar
 21738 | Lair:2   | Killed Fannar
 22656 | Lair:3   | Found a shimmering blue altar of Sif Muna.
 23398 | Lair:3   | Received a gift from Okawaru
 24008 | Lair:4   | Found a staircase to the Swamp.
 24324 | Lair:4   | Received a gift from Okawaru
 24771 | Lair:4   | Reached skill level 10 in Spellcasting
 24874 | Lair:4   | Found a staircase to the Snake Pit.
 25367 | Lair:5   | Reached ****** piety under Okawaru
 25370 | Lair:5   | Reached XP level 14. HP: 93/109 MP: 28/28
 25375 | Lair:5   | Received a gift from Okawaru
 25429 | Lair:5   | Reached skill level 10 in Fighting
 25429 | Lair:5   | Reached skill level 10 in Axes
 25429 | Lair:5   | Reached skill level 10 in Dodging
 25556 | Lair:5   | Received a gift from Okawaru
 25575 | Lair:5   | HP: 5/110 [wolf (4)]
 25576 | Lair:5   | HP: 1/110 [wolf (4)]
 25576 | Lair:5   | Slain by a wolf

Illustrated notes

Levels and vault maps discovered:
D:1:      zelgadis_glass_arrival_small, layout_basic,
          dilly_ecumenical_altar_fadedgnrine, columned_hall_lemuel
D:2:      layout_rooms, serial_shops, shop, uniq_terence
D:3:      minmay_general_purpose_star, layout_basic, minmay_diced_spiral
D:4:      layout_basic
D:5:      layout_loops_ring, uniq_prince_ribbit1, uniq_crazy_yiuf_cottage
D:6:      layout_rooms, minmay_temple_entry_trees, bh_walls_and_bars,
          uniq_menkaure
D:7:      layout_layer_cave
D:8:      layout_gridville, serial_shops, kennysheep_mini, serial_park_tiny_1
D:9:      layout_layer_cave, kennysheep_mini_moat, due_lair_maze_entry_diamond,
          uniq_joseph
D:10:     layout_basic, minmay_stone_trees_large
D:11:     layout_basic, minmay_orc_entry_guard_dogs, serial_shops,
          nicolae_stop_n_shop_2, nrook_campfire
D:12:     layout_irregular_city, gauntlet_entry_generic, serial_shops, shop,
          gammafunk_ghost_fury_of_okawaru, minmay_crystal_room,
          serial_park_tiny_2, uniq_nessos
Temple:   compressed_dpeg_triangle_lava_temple
Lair:1:   layout_regular_city, cheibrodos_lair_lostbears, grunt_megastairs_4,
          infiniplex_staircase_pool_2, uniq_nergalle
Lair:2:   layout_cave_pods, chequers_serial_rivers_micro_a, uniq_fannar
Lair:3:   layout_regular_city, basic_altar
Lair:4:   pond_and_an_island_with_a_cottage, layout_cellular_growth,
          minmay_swamp_entry_eels, guppyfry_snake_entry_island,
          hangedman_lair_unloving_vines
Lair:5:   nzn_motion_control, layout_cave_shapes, minmay_slime_entry_pillars,
          serial_bayou_shore_b

Skill      XL: |  1  2  3  4  5  6  7  8  9 10 11 12 13 14 |
---------------+-------------------------------------------+-----
Spellcasting   | 5 6 7 8 9 10 | 10.2
Invocations    | 1 2 3 4 5 6 7 8 9 |  9.7
Short Blades   | 1 2 3 4 5 6 7 8 |  8.9
Long Blades    | 1 2 3 4 5 6 7 8 |  8.9
Maces & Flails | 1 2 3 4 5 6 7 8 |  8.9
Polearms       | 1 2 3 4 5 6 7 8 |  8.9
Staves         | 1 2 3 4 5 6 7 8 |  8.9
Slings         | 1 2 3 4 5 6 7 8 |  8.9
Bows           | 1 2 3 4 5 6 7 8 |  8.9
Crossbows      | 1 2 3 4 5 6 7 8 |  8.9
Stealth        | 1 2 3 4 5 6 7 8 |  8.9
Shields        | 1 2 3 4 5 6 7 8 |  8.9
Unarmed Combat | 1 2 3 4 5 6 7 8 |  8.9
Evocations     | 1 2 3 4 5 6 7 8 |  8.9
Conjurations   | 1 2 3 4 5 6 7 |  7.4
Hexes          | 1 2 3 4 5 6 7 |  7.4
Summonings     | 1 2 3 4 5 6 7 |  7.4
Necromancy     | 1 2 3 4 5 6 7 |  7.4
Transmutations | 1 2 3 4 5 6 7 |  7.4
Fire Magic     | 1 2 3 4 5 6 7 |  7.4
Ice Magic      | 1 2 3 4 5 6 7 |  7.4
Air Magic      | 1 2 3 4 5 6 7 |  7.4
Earth Magic    | 1 2 3 4 5 6 7 |  7.4
Poison Magic   | 1 2 3 4 5 6 7 |  7.4
Throwing       | 3 4 5 6 7 8 9 |  9.3
Armour         | 3 4 5 6 7 8 9 |  9.3
Fighting       | 5 6 7 8 9 10 | 10.0
Axes           | 5 6 7 8 9 10 | 10.0
Dodging        | 5 6 7 8 9 10 | 10.0
Translocations | 6 7 8 9 |  9.3

Action                   |  1- 3 |  4- 6 |  7- 9 | 10-12 | 13-15 || total
-------------------------+-------+-------+-------+-------+-------++-------
Melee: Hand axe          |   127 |    61 |       |       |       ||   188
       Bite              |    11 |     9 |    21 |    29 |    34 ||   104
       Morningstar       |       |    86 |    44 |       |       ||   130
       Punch             |       |     2 |     1 |       |       ||     3
       Quarterstaff      |       |       |   132 |   329 |   300 ||   761
 Fire: Hunting sling     |       |    59 |    94 |       |       ||   153
Throw: Stone             |     4 |     7 |    28 |       |       ||    39
       Boomerang         |       |       |       |    60 |     1 ||    61
 Cast: Gell's Gravitas   |       |     1 |       |     1 |     8 ||    10
       Blink             |       |       |     8 |     4 |     3 ||    15
       Magic Dart        |       |       |    31 |    49 |    12 ||    92
       Vampiric Draining |       |       |       |       |     1 ||     1
Invok: Heroism           |       |       |       |    17 |     5 ||    22
       Finesse           |       |       |       |     5 |     1 ||     6
Evoke: Wand              |       |     6 |       |       |       ||     6
  Use: Potion            |       |       |     1 |       |       ||     1
       Scroll            |       |       |    11 |    12 |     4 ||    27
 Stab: Distracted        |       |       |     2 |     6 |     6 ||    14
       Sleeping          |       |       |     1 |     4 |     9 ||    14
Armor: Leather armour    |    29 |       |       |       |       ||    29
       Ring mail         |       |    40 |    53 |     9 |       ||   102
       Scale mail        |       |       |       |   145 |   165 ||   310
       Acid dragon scale |       |       |       |     2 |       ||     2
Dodge: Dodged            |    86 |   120 |   140 |   169 |   115 ||   630

Table legend: (Time is in decaauts)
 A = Elapsed time spent in this place.
 B = Non-inter-level travel time spent in this place.
 C = Inter-level travel time spent in this place.
 D = Time resting spent in this place.
 E = Time spent auto-exploring this place.
 F = Levels seen in this place.
 G = Mean time per level.
                   A        B        C        D        E       F      G
               +--------+--------+--------+--------+--------+-----+--------+
         Total |  25573 |  25142 |    431 |   7355 |  12573 |  18 | 1420.7 |
       Dungeon |  19264 |  18890 |    374 |   5971 |   8829 |  12 | 1605.3 |
        Temple |    449 |    449 |      0 |      0 |    416 |   1 |  449.0 |
          Lair |   5859 |   5802 |     57 |   1384 |   3328 |   5 | 1171.8 |
               +--------+--------+--------+--------+--------+-----+--------+

Top non-repeatable levels by time:
     D:4: 2838 daAuts
     D:9: 2377 daAuts
    D:10: 1983 daAuts
     D:1: 1734 daAuts
     D:3: 1721 daAuts
     D:8: 1720 daAuts
  Lair:4: 1581 daAuts
     D:2: 1426 daAuts
  Lair:3: 1388 daAuts
     D:7: 1377 daAuts
     D:5: 1364 daAuts
  Lair:2: 1351 daAuts
     D:6: 1272 daAuts
  Lair:1: 1211 daAuts
    D:11: 858 daAuts
